 Dungeon Crawl Stone Soup version 0.28-a0-1555-g9ae15a6949 (webtiles) character file.

Game seed: 9464087736310799378

171 knot the Chopper (level 5, 48/63 HPs)
             Began as a Demonspawn Berserker on Jan 19, 2022.
             Was a Follower of Trog.
             Quit the game on level 2 of the Dungeon.
             The game lasted 00:01:29 (1351 turns).

knot the Chopper (Demonspawn Berserker)             Turns: 1351, Time: 00:01:30

Health: 48/63      AC:  5    Str: 17    XL:     5   Next: 26%
Magic:  5/5        EV: 12    Int: 11    God:    Trog [*.....]
Gold:   52         SH:  0    Dex: 12    Spells: 4/4 levels left

rFire   . . .      SeeInvis .   a - +0 hand axe
rCold   . . .      Faith    .   (no shield)
rNeg    . . .      Spirit   .   b - +0 animal skin
rPois   .          Reflect  .   h - +1 hat
rElec   .          Harm     .   (no cloak)
rCorr   .          Rampage  .   f - +0 pair of gloves
Will    .....                   (no boots)
Stlth   ..........              (no amulet)
HPRegen 0.20/turn               (no ring)
MPRegen 0.09/turn               (no ring)

@: berserking (expiring), very quick
A: antennae 1, rugged brown scales 1
a: Renounce Religion, Berserk


You were on level 2 of the Dungeon.
You worshipped Trog.
Trog was aware of your devotion.
You visited 1 branch of the dungeon, and saw 2 of its levels.

You collected 52 gold pieces.

Inventory:

Hand Weapons
 a - a +0 hand axe (weapon)
Missiles
 c - 41 stones (quivered)
 e - 23 sling bullets
Armour
 b - a +0 animal skin (worn)
 f - a +0 pair of gloves (worn)
 h - a +1 hat (worn)
Scrolls
 g - a scroll of blinking {unknown}
 i - a scroll of immolation {unknown}
 j - a scroll of magic mapping {unknown}
 k - 2 scrolls of identify {unknown}
 l - a scroll of summoning {unknown}
Potions
 d - a potion of haste {unknown}


   Skills:
 - Level 3.0 Fighting
 * Level 4.6 Axes
 * Level 2.6 Throwing
 - Level 1.7 Armour
 - Level 1.7 Dodging


You had 4 spell levels left.
You didn't know any spells.
Your spell library contained the following spells:

 Spells                   Type           Power      Damage    Failure   Level
 Inner Flame              Hex/Fire       0%         N/A       71%         3
 Cause Fear               Hex            0%         N/A       98%         4
 Discord                  Hex            0%         N/A       100%        8


Dungeon Overview and Level Annotations

Branches:
Dungeon (2/15)

Altars:

Shops:
D:1 *


Innate Abilities, Weirdness & Mutations

You have a pair of small antennae on your head.
You are partially covered in rugged brown scales. (AC +1, +3% HP)


Message History

Press: ? - help, Q - select action Shift-Dir - straight line, f - Sigmund
Aim: Sigmund, wielding a +0 scythe and wearing a +0 robe (asleep, 98% to hit)
You throw a stone.
The stone hits Sigmund but does no damage.
Sigmund shouts!
A red film seems to cover your vision as you go berserk!
You feel yourself moving faster!
You feel mighty!
Unknown command.
You feel a strong urge to attack something.
You slash Sigmund!
Sigmund is moderately wounded.
Sigmund gestures at you while chanting. The magic dart hits you.
You hit Sigmund.
Sigmund is heavily wounded.
You closely miss Sigmund.
Sigmund is heavily wounded.
Sigmund completely misses you.
You slash Sigmund!
Sigmund is almost dead.
You hit Sigmund but do no damage.
Sigmund is almost dead.
Sigmund closely misses you.
You closely miss Sigmund.
Sigmund is almost dead.
You slash Sigmund!
You kill Sigmund!
Trog accepts your kill.
Trog appreciates your killing of a magic user.
Your Axes skill increases to level 4!
Your Throwing skill gained 2 levels and is now at level 2!
You have reached level 3!
Your experience leads to an increase in your attributes!
Increase (S)trength, (I)ntelligence, or (D)exterity?
You feel clever. x2
You have reached level 4!
You feel clever.
Your demonic ancestry asserts itself...
Rugged brown scales grow over part of your body.
You have reached level 5!
Are you sure you want to abandon this character and quit the game? (Confirm with "yes".)

### #<# #.#
#.# #.# #.#
########@##
.......)..#
###########


There were no monsters in sight!

Vanquished Creatures
  Sigmund (D:2)
  3 bats (D:1)
  3 endoplasms (D:1)
  A hobgoblin (D:1)
  3 quokkas (D:1)
  2 ball pythons (D:1)
  2 frilled lizards (D:1)
  A kobold (D:1)
  A rat (D:1)
17 creatures vanquished.

Notes
Turn   | Place    | Note
-------+----------+-------------------------------------------
     0 | D:1      | knot the Demonspawn Berserker began the quest for the Orb.
     0 | D:1      | Reached XP level 1. HP: 18/18 MP: 1/1
   285 | D:1      | Reached skill level 3 in Axes
   605 | D:1      | Gained mutation: You have a pair of small antennae on your
                  | head. [demonic ancestry]
   605 | D:1      | Reached XP level 2. HP: 19/24 MP: 2/2
   714 | D:1      | Found Jaosm's Assorted Antiques.
  1335 | D:2      | Noticed Sigmund
  1350 | D:2      | Killed Sigmund
  1351 | D:2      | Reached skill level 4 in Axes
  1351 | D:2      | Reached XP level 3. HP: 29/29 MP: 3/3
  1351 | D:2      | Gained mutation: You are partially covered in rugged brown
                  | scales. (AC +1, +3% HP) [demonic ancestry]
  1351 | D:2      | Reached XP level 4. HP: 36/36 MP: 4/4
  1351 | D:2      | Reached XP level 5. HP: 42/42 MP: 5/5
  1351 | D:2      | Quit the game

Illustrated notes

Levels and vault maps discovered:
D:1:      minmay_arrival_diagonal_passages, layout_basic, serial_shops,
          nicolae_shop_overgrown_old_shop, minmay_misc_feat_rugged,
          minivault_24, minivault_5
D:2:      layout_basic, serial_shops, nicolae_shop_competitors_out_of_business,
          kennysheep_generic_room_3, uniq_terence, uniq_jessica, uniq_sigmund

Skill      XL: |  1  2 |
---------------+-------+-----
Axes           | 3 4 |  4.6
Throwing       | 2 |  2.6
Fighting       | |  3.0
Armour         | |  1.7
Dodging        | |  1.7

Action                   |  1- 3 |  4- 6 || total
-------------------------+-------+-------++-------
Melee: Hand axe          |    48 |       ||    48
Throw: Stone             |     1 |       ||     1
Invok: Berserk           |     3 |       ||     3
 Stab: Sleeping          |     1 |       ||     1
Armor: Animal skin       |     9 |       ||     9
Dodge: Dodged            |    34 |       ||    34

Table legend: (Time is in decaauts)
 A = Elapsed time spent in this place.
 B = Non-inter-level travel time spent in this place.
 C = Inter-level travel time spent in this place.
 D = Time resting spent in this place.
 E = Time spent auto-exploring this place.
 F = Levels seen in this place.
 G = Mean time per level.
                   A        B        C        D        E       F      G
               +--------+--------+--------+--------+--------+-----+--------+
         Total |   1367 |   1314 |     53 |    455 |    715 |   2 |  683.5 |
       Dungeon |   1367 |   1314 |     53 |    455 |    715 |   2 |  683.5 |
               +--------+--------+--------+--------+--------+-----+--------+

Top non-repeatable levels by time:
     D:1: 1347 daAuts
     D:2: 20 daAuts
